 Dungeon Crawl Stone Soup version 0.22-a0-422-g9628fc8 (webtiles) character file.

91643 Kairos the Severer (level 15, 0/122 HPs)
             Began as a Demonspawn Gladiator on May 16, 2018.
             Was the Champion of Okawaru.
             Succumbed to a swamp dragon's poison gas
             ... on level 4 of the Swamp.
             The game lasted 01:13:33 (33096 turns).

Kairos the Severer (Demonspawn Gladiator)          Turns: 33096, Time: 01:13:33

Health: 0/122      AC: 15    Str: 24    XL:     15   Next: 55%
Magic:  4/19       EV: 19    Int: 10    God:    Okawaru [******]
Gold:   1549       SH:  0    Dex: 18    Spells: 3/14 levels left

rFire    . . .     SeeInvis .   k - +2 executioner's axe (drain)
rCold    . . .     Gourm    .   (shield currently unavailable)
rNeg     . . .     Faith    +   P - +5 scale mail of an ice cave {rCorr Str+3}
rPois    .         Spirit   +   (helmet restricted)
rElec    .         Reflect  .   t - scarf {Spirit}
rCorr    +         Harm     .   (no gloves)
MR       +....                  (boots unavailable)
Stlth    ++++......             u - amulet of faith
HPRegen  0.30/turn              g - +5 ring of slaying
MPRegen  0.16/turn              y - +4 ring of dexterity

@: lethally poisoned (0 -> -30), about to teleport, heroism, very slow
A: antennae 2, claws 2, talons 3, nightstalker 3, spiny 2
a: Heroism, Finesse, Renounce Religion


You were on level 4 of the Swamp.
You worshipped Okawaru.
Okawaru was exalted by your worship.
You were not hungry.

You visited 5 branches of the dungeon, and saw 22 of its levels.
You also visited: Volcano.

You collected 1919 gold pieces.
You spent 370 gold pieces at shops.

Inventory:

Hand Weapons
 a - a +0 broad axe
 k - a +2 executioner's axe of draining (weapon)
 C - a +3 executioner's axe of freezing
 G - a +1 great mace of flaming
 I - a +6 battleaxe of draining
 N - the +5 war axe "Della" {chop, rC- MR++ SInv}
   (You found it on level 1 of the Lair of Beasts)

   It inflicts extra damage upon your enemies.
   It makes you vulnerable to cold.
   It affects your resistance to hostile enchantments.
   It lets you see invisible.
Missiles
 d - 4 throwing nets (quivered)
 R - 6 steel javelins
Armour
 n - a +2 chain mail of positive energy
 t - a scarf of spirit shield (worn)
 D - a +2 scale mail of fire resistance
 O - the +1 ring mail of Soiselai {-Cast rElec MR+ Regen+}
   (You found it on level 1 of the Lair of Beasts)

   It insulates you from electricity.
   It affects your resistance to hostile enchantments.
   It prevents spellcasting.
   It increases your rate of regeneration.
 P - the +5 scale mail of an ice cave (worn) {rCorr Str+3}
   (You found it on level 1 of the Lair of Beasts)

   It affects your strength (+3).
   It protects you from acid and corrosion.
 U - the +4 scale mail of the Valley of Death {+Blink Int+6}
   (Okawaru gifted it to you on level 3 of the Lair of Beasts)

   It affects your intelligence (+6).
   It lets you blink.
Jewellery
 e - an uncursed ring of ice
 g - a +5 ring of slaying (left claw)
 s - an uncursed ring of positive energy
 u - an amulet of faith (around neck)
 x - an uncursed ring of stealth
 y - a +4 ring of dexterity (right claw)
 B - an uncursed ring of wizardry
 Q - an uncursed ring of protection from fire
 T - an uncursed ring of flight
 V - a +4 ring of intelligence
Wands
 A - a wand of iceblast (15)
 E - a wand of flame (68)
 S - a wand of disintegration (36)
Scrolls
 c - a scroll of identify
 l - 10 scrolls of teleportation
 m - 3 scrolls of blinking
 q - 9 scrolls of remove curse
 r - 3 scrolls of fog
 v - 4 scrolls of magic mapping
 w - 6 scrolls of amnesia {unknown}
 H - 3 scrolls of immolation {unknown}
 K - 3 scrolls of enchant armour
 X - a scroll of holy word
 Z - a scroll of fear {unknown}
Potions
 b - 2 potions of magic
 h - 2 potions of heal wounds
 i - 3 potions of flight
 j - 6 potions of curing
 o - 5 potions of might
 p - 2 potions of lignification {unknown}
 z - 3 potions of haste {unknown}
 F - a potion of berserk rage {unknown}
 J - 2 potions of mutation {unknown}
 L - 3 potions of ambrosia {unknown}
 M - 3 potions of cancellation {unknown}
 W - 2 potions of agility {unknown}
 Y - a potion of invisibility {unknown}
Comestibles
 f - 23 rations


   Skills:
 + Level 12.6(17.6) Fighting
 + Level 16.9(22.0) Axes
 + Level 3.8(17.0) Maces & Flails
 + Level 1.8(6.8) Throwing
 + Level 10.9(15.9) Armour
 + Level 7.3(12.3) Dodging
 + Level 6.5(11.5) Stealth
 + Level 6.2 Invocations
 + Level 0.2 Evocations


You had 3 spell levels left.
You knew the following spells:

 Your Spells              Type           Power        Failure   Level  Hunger
a - Confuse               Hex            #.......     91%         3    ####...
b - Ignition              Fire           #.........   100%        8    #######

Your spell library contained the following spells:

 Spells                   Type           Power        Failure   Level  Hunger
 Magic Dart               Conj           #...         56%         1    ##.....
 Fireball                 Conj/Fire      #.........   100%        5    ######.
 Bolt of Fire             Conj/Fire      #.........   100%        6    #######
 Lightning Bolt           Conj/Air       #.........   100%        5    ######.
 Bolt of Magma            Conj/Fire/Erth #.........   100%        5    ######.
 Ring of Flames           Chrm/Fire      #.........   100%        7    #######
 Venom Bolt               Conj/Pois      #.........   100%        5    ######.
 Iskenderun's Mystic Bla  Conj           #.......     100%        4    #####..
 Tukima's Dance           Hex            #.......     91%         3    ####...
 Iron Shot                Conj/Erth      #.........   100%        6    #######
 Stone Arrow              Conj/Erth      #.....       91%         3    ####...
 Spider Form              Tmut/Pois      #.........   91%         3    ####...
 Blade Hands              Tmut           #.........   100%        5    ######.
 Statue Form              Tmut/Erth      #........    100%        6    #######
 Ice Form                 Ice/Tmut       #.......     100%        4    #####..
 Dragon Form              Tmut           #.........   100%        7    #######
 Passwall                 Tmut/Erth      #.........   71%         2    ###....
 Ignite Poison            Fire/Tmut/Pois #.......     91%         3    ####...
 Sticks to Snakes         Tmut           #.......     71%         2    ###....
 Ensorcelled Hibernation  Hex/Ice        #.....       71%         2    ###....
 Shatter                  Erth           #.........   100%        9    #######
 Static Discharge         Conj/Air       #.......     91%         3    ####...
 Corona                   Hex            #......      56%         1    ##.....
 Lee's Rapid Deconstruct  Erth           #.........   100%        5    ######.
 Sandblast                Erth           #.....       56%         1    ##.....
 Petrify                  Tmut/Erth      #.......     100%        4    #####..
 Orb of Destruction       Conj           #.........   100%        7    #######
 Tornado                  Air            #.........   100%        9    #######
 Beastly Appendage        Tmut           #.....       56%         1    ##.....
 Iskenderun's Battlesphe  Conj/Chrm      #.......     100%        5    ######.
 Fulminant Prism          Conj/Hex       #.........   100%        4    #####..
 Dazzling Spray           Conj/Hex       #.....       91%         3    ####...
 Force Lance              Conj/Tloc      #.......     100%        4    #####..
 Searing Ray              Conj           #.....       71%         2    ###....
 Spellforged Servitor     Conj/Summ      #.........   100%        7    #######
 Hydra Form               Tmut           #.........   100%        6    #######
 Irradiate                Conj/Tmut      #.........   100%        5    ######.


Dungeon Overview and Level Annotations

Branches:
Dungeon (10/15)            Temple (1/1) D:7            Lair (6/6) D:10
  Swamp (4/4) Lair:2       Spider (1/4) Lair:3        Slime (0/5) Lair:6
    Orc (0/2) D:10

Altars:
Ashenzari
Cheibriados
Dithmenos
Elyvilon
Fedhas
Gozag
Hepliaklqana
Kikubaaqudgha
Makhleb
Nemelex Xobeh
Okawaru
Qazlal
Ru
Sif Muna
Trog
Uskayaw
Vehumet
Wu Jian
Xom
Yredelemnul
Zin
The Shining One
Lugonu

Shops:
D:5 [


Innate Abilities, Weirdness & Mutations

You have a pair of antennae on your head.
You have very sharp fingernails.
You have claws for feet.
You are completely attuned to the shadows.
You are mostly covered in sharp spines.


Message History

A swamp dragon comes into view.
A swamp dragon is nearby!
A swamp dragon is nearby!
A swamp dragon is nearby!
You feel sick.
The swamp dragon breathes poison at you.
The blast of poison misses you.
You are engulfed in poison gas.
You are lethally poisoned!
* * * LOW HITPOINT WARNING * * *
x2 You feel sick.
As you read the scroll of teleportation, it crumbles to dust.
You feel strangely unstable.
You are engulfed in poison gas.
You are more poisoned.
* * * LOW HITPOINT WARNING * * *
x2 You feel very sick.
Unknown command.
You enter the shallow water.
Moving in this stuff is going to be slow.
You die...

♣♣ ♣♣≈.≈≈≈..≈♣.≈≈≈♣
P♣♣♣...≈≈......≈≈≈♣♣
.♣.≈†≈f≈≈≈..≈≈≈≈≈≈.♣
...≈≈.≈≈≈≈..≈§≈≈≈≈≈♣
≈♣♣..(≈≈≈.♣[≈.D†§§♣
♣♣♣♣♣....♣♣≈..§.§§♣
♣♣♣♣♣♣♣♣♣.§§§♣♣
♣§≈≈§§♣ ♣≈≈≈§§@♣ {{
♣.≈≈.(≈♣ .≈..≈≈.
≈..≈≈♣♣ ≈...§♣


You could see a swamp dragon.

Vanquished Creatures
  A thorn hunter (Swamp:4)
  A very ugly thing (Swamp:1)
  A red draconian (Volcano)
  Josephine (Lair:6)
  A fire dragon (Lair:6)
  10 hydras
  2 catoblepae (Lair:4)
  3 ghost crabs
  14 alligators
  6 death yaks (Lair:5)
  A two-headed ogre (D:10)
  A salamander mystic (Volcano)
  A spriggan druid (Swamp:3)
  The ghost of Autsider the Cudgeler, a novice TrCK of Xom (D:6)
  The ghost of Borgoz the Cleaver, a novice GrAK of Lugonu (D:9)
  3 shambling mangroves
  A deep elf mage (D:8)
  2 swamp dragons
  2 orb spiders (Spider:1)
  The ghost of iamserjio the Spear-Bearer, a novice MfGl of Zin (D:5)
  3 wolf spiders
  A cyclops (D:10)
  2 manticores (Lair:4)
  2 oklob plants (Lair:4)
  7 black mambas
  4 salamanders (Volcano)
  A moth of wrath (Lair:5)
  A guardian serpent (Lair:6)
  Psyche (D:10)
  3 torpor snails (Lair:5)
  2 molten gargoyles (Volcano)
  23 spiny frogs
  7 komodo dragons
  4 rime drakes (Lair:6)
  A demonic crawler (Spider:1)
  A polar bear (Lair:6)
  A jumping spider (Spider:1)
  14 hornets
  25 tyrant leeches
  Grinder (D:3)
  13 blink frogs
  6 bog bodies
  6 hippogriffs
  13 slime creatures
  2 spriggans (Swamp:1)
  2 shadows (Swamp:2)
  4 tarantellas
  3 redbacks
  A fire bat (Volcano)
  19 yaks
  10 wyverns
  4 wraiths (Lair:6)
  5 basilisks
  A steam dragon (D:7)
  10 vampire mosquitoes (Swamp:1)
  Menkaure (D:6)
  15 swamp worms
  12 insubstantial wisps
  3 acid dragons (Lair:6)
  15 water moccasins
  4 porcupines
  Duvessa (D:6)
  An ice beast (D:6)
  6 orc warriors
  A phantom (D:8)
  5 swamp drakes
  A black bear (D:6)
  A sky beast (D:10)
  6 ogres
  11 wolves
  8 centaurs
  15 crocodiles
  12 bullfrogs
  A wyvern skeleton (D:8)
  A scorpion (Lair:1)
  Dowan (D:6)
  18 killer bees
  6 wights
  A crimson imp (D:9)
  A centaur zombie (D:7)
  6 lava snakes (Volcano)
  13 jellies
  15 orc wizards
  2 centaur skeletons
  9 orc priests
  Crazy Yiuf (D:3)
  A gnoll shaman (D:5)
  5 hounds
  2 bullfrog skeletons
  Terence (D:2)
  3 iguanas
  8 worker ants
  A hound zombie (D:9)
  A worker ant zombie (D:6)
  Robin (D:3)
  9 adders
  13 gnolls
  2 shadow imps
  4 oozes
  An adder zombie (D:5)
  An adder skeleton (D:7)
  A worm (D:2)
  11 leopard geckos
  62 orcs
  8 bats
  4 giant cockroaches
  18 goblins
  6 hobgoblins
  12 jackals
  10 kobolds
  2 quokkas
  3 ball pythons
  8 frilled lizards
  2 gnoll zombies (D:7)
  A leopard gecko skeleton (D:7)
  A leopard gecko zombie (D:5)
  7 rats
  2 briar patches (Swamp:4)
  A fungus (Lair:5)
  7 plants
669 creatures vanquished.

Vanquished Creatures (others)
  A briar patch (Swamp:4)
  28 fungi
  38 plants
67 creatures vanquished.

Grand Total: 736 creatures vanquished

Notes
Turn   | Place    | Note
-------+----------+-------------------------------------------
     0 | D:1      | Kairos the Demonspawn Gladiator began the quest for the Orb.
     0 | D:1      | Reached XP level 1. HP: 16/16 MP: 1/1
    95 | D:1      | Gained mutation: You are slightly more attuned to the shadows. [demonic ancestry]
    95 | D:1      | Reached XP level 2. HP: 20/22 MP: 2/2
   190 | D:1      | Reached skill level 3 in Axes
   937 | D:2      | Gained mutation: You are significantly more attuned to the shadows. [demonic ancestry]
   937 | D:2      | Reached XP level 3. HP: 22/27 MP: 3/3
  1213 | D:2      | Noticed Terence
  1229 | D:2      | Killed Terence
  1464 | D:2      | Gained mutation: You have sharp fingernails. [demonic ancestry]
  1464 | D:2      | Reached XP level 4. HP: 33/33 MP: 4/4
  1469 | D:2      | Reached skill level 1 in Armour
  1494 | D:2      | Reached skill level 1 in Stealth
  1521 | D:2      | Found a sacrificial altar of Ru.
  1522 | D:2      | Found a hide-covered altar of Uskayaw.
  1532 | D:2      | Found a blossoming altar of Fedhas.
  1536 | D:2      | Found a deep blue altar of Sif Muna.
  1542 | D:2      | Found a glowing silver altar of Zin.
  1545 | D:2      | Found an ancient bone altar of Kikubaaqudgha.
  2096 | D:3      | Reached skill level 4 in Axes
  2096 | D:3      | Reached XP level 5. HP: 37/38 MP: 5/5
  2517 | D:3      | Found a radiant altar of Vehumet.
  2538 | D:3      | Reached skill level 5 in Axes
  2538 | D:3      | Gained mutation: You have a pair of small antennae on your head. [demonic ancestry]
  2538 | D:3      | Reached XP level 6. HP: 27/46 MP: 6/6
  2623 | D:3      | Noticed Robin
  2643 | D:3      | Killed Robin
  2757 | D:3      | Noticed Grinder
  2766 | D:3      | Paralysed by Grinder for 7 turns
  2776 | D:3      | Paralysed by Grinder for 4 turns
  2792 | D:3      | Killed Grinder
  2792 | D:3      | Gained mutation: You have very sharp fingernails. [demonic ancestry]
  2792 | D:3      | Reached XP level 7. HP: 8/52 MP: 7/7
  3322 | D:3      | Found a runed door.
  3326 | D:3      | Noticed Crazy Yiuf
  3329 | D:3      | Killed Crazy Yiuf
  3329 | D:3      | Reached skill level 6 in Axes
  3492 | D:4      | Noticed a hippogriff
  3503 | D:4      | Killed a hippogriff
  3917 | D:4      | Found a hazy altar of Hepliaklqana.
  4270 | D:4      | Reached XP level 8. HP: 38/60 MP: 8/8
  4529 | D:5      | Entered Level 5 of the Dungeon
  4553 | D:5      | Reached skill level 7 in Axes
  4933 | D:5      | Found Jigiopn's Armour Shop.
  5604 | D:5      | Noticed iamserjio's ghost (novice MfGl)
  6015 | D:5      | Reached skill level 8 in Axes
  6217 | D:5      | Killed iamserjio's ghost
  6217 | D:5      | Gained mutation: You are partially covered in sharp spines. [demonic ancestry]
  6217 | D:5      | Reached XP level 9. HP: 34/67 MP: 9/9
  6521 | D:6      | Reached skill level 5 in Armour
  6554 | D:6      | Noticed Autsider's ghost (novice TrCK)
  6616 | D:6      | HP: 1/67 [Autsider's ghost (11)]
  7216 | D:6      | Found a shadowy altar of Dithmenos.
  7217 | D:6      | Found a hazy altar of Hepliaklqana.
  7226 | D:6      | Reached skill level 5 in Fighting
  7265 | D:6      | Found a shattered altar of Ashenzari.
  7269 | D:6      | Found a snail-covered altar of Cheibriados.
  7344 | D:6      | Noticed Dowan
  7344 | D:6      | Noticed Duvessa
  7356 | D:6      | Killed Dowan
  7359 | D:6      | Killed Duvessa
  7359 | D:6      | Reached skill level 9 in Axes
  8181 | D:6      | Noticed Menkaure
  8187 | D:6      | Killed Menkaure
  8430 | D:7      | Found an opulent altar of Gozag.
  8532 | D:7      | Reached skill level 10 in Axes
  8948 | D:7      | Gained mutation: You have sharp toenails. [demonic ancestry]
  8948 | D:7      | Reached XP level 10. HP: 48/76 MP: 10/10
  9550 | D:7      | Found a basalt altar of Yredelemnul.
  9602 | D:7      | Found a staircase to the Ecumenical Temple.
  9610 | Temple   | Entered the Ecumenical Temple
  9717 | Temple   | Became a worshipper of Warmaster Okawaru
 10048 | D:8      | Found a shattered altar of Ashenzari.
 10048 | D:8      | Noticed a deep elf mage
 10055 | D:8      | Killed a deep elf mage
 10055 | D:8      | Reached * piety under Okawaru
 10055 | D:8      | Reached skill level 1 in Invocations
 10696 | D:8      | Found a glowing golden altar of the Shining One.
 11433 | D:9      | Noticed Borgoz's ghost (novice GrAK)
 11452 | D:9      | Killed Borgoz's ghost
 11452 | D:9      | Reached ** piety under Okawaru
 11452 | D:9      | Reached skill level 11 in Axes
 12464 | D:5      | Bought the +2 pair of boots of Benevolence {rC+} for 370 gold pieces
 12614 | D:6      | Killed Autsider's ghost
 12614 | D:6      | Gained mutation: You have a pair of antennae on your head. [demonic ancestry]
 12614 | D:6      | Reached XP level 11. HP: 54/83 MP: 14/14
 13128 | D:10     | Entered Level 10 of the Dungeon
 13128 | D:10     | Noticed Psyche
 13134 | D:10     | Killed Psyche
 13417 | D:10     | Found a staircase to the Lair.
 13456 | D:10     | Reached *** piety under Okawaru
 13489 | D:10     | Noticed a two-headed ogre
 13494 | D:10     | Killed a two-headed ogre
 13494 | D:10     | Reached skill level 5 in Invocations
 13898 | D:10     | Found a staircase to the Orcish Mines.
 14403 | Lair:1   | Entered Level 1 of the Lair of Beasts
 14413 | Lair:1   | Got a fine ring mail
 14424 | Lair:1   | Identified the +1 ring mail of Soiselai {-Cast rElec MR+ Regen+} (You found it on level 1 of the Lair of Beasts)
 14639 | Lair:1   | Got a translucent war axe
 14640 | Lair:1   | Identified the +5 war axe "Della" {chop, rC- MR++ SInv} (You found it on level 1 of the Lair of Beasts)
 14644 | Lair:1   | Reached skill level 12 in Axes
 14707 | Lair:1   | Got an obsidian-encrusted scale mail
 14718 | Lair:1   | Identified the +5 scale mail of an ice cave {rCorr Str+3} (You found it on level 1 of the Lair of Beasts)
 14784 | Lair:1   | Noticed a five-headed hydra
 14794 | Lair:1   | Killed a five-headed hydra
 14802 | Lair:1   | Reached **** piety under Okawaru
 15281 | Lair:1   | Reached skill level 1 in Maces & Flails
 15299 | Lair:1   | Reached ***** piety under Okawaru
 15299 | Lair:1   | Received a gift from Okawaru
 15864 | Lair:2   | Found a staircase to the Swamp.
 15925 | Lair:2   | Noticed a seven-headed hydra
 15934 | Lair:2   | Killed a seven-headed hydra
 16549 | Lair:3   | Gained mutation: You are mostly covered in sharp spines. [demonic ancestry]
 16549 | Lair:3   | Reached XP level 12. HP: 93/93 MP: 15/15
 16647 | Lair:3   | Found a dark tunnel.
 16656 | Volcano  | Entered a volcano
 16941 | Volcano  | Found a radiant altar of Vehumet.
 17287 | Volcano  | Noticed a red draconian
 17294 | Volcano  | Killed a red draconian
 17294 | Volcano  | Reached skill level 13 in Axes
 17466 | Lair:3   | Found a hole to the Spider Nest.
 17866 | Lair:3   | Received a gift from Okawaru
 17872 | Lair:3   | Got a faintly glowing scale mail {god gift}
 17883 | Lair:3   | Identified the +4 scale mail of the Valley of Death {+Blink Int+6} (Okawaru gifted it to you on level 3 of the Lair of Beasts)
 18100 | Lair:3   | Reached skill level 5 in Dodging
 18353 | Lair:4   | Learned a level 3 spell: Confuse
 18937 | Lair:4   | Noticed a five-headed hydra
 18941 | Lair:4   | Noticed a seven-headed hydra
 18948 | Lair:4   | Killed a seven-headed hydra
 18979 | Lair:4   | Killed a five-headed hydra
 19742 | Lair:4   | Noticed a catoblepas
 19763 | Lair:4   | Killed a catoblepas
 19889 | Lair:4   | Noticed a catoblepas
 19973 | Lair:4   | Killed a catoblepas
 19973 | Lair:4   | Gained mutation: You have razor-sharp toenails. [demonic ancestry]
 19973 | Lair:4   | Reached XP level 13. HP: 83/101 MP: 17/17
 20477 | Lair:4   | Received a gift from Okawaru
 20716 | Lair:5   | Reached ****** piety under Okawaru
 20716 | Lair:5   | Reached skill level 5 in Stealth
 21010 | Lair:5   | Reached skill level 14 in Axes
 21126 | Lair:5   | Reached skill level 10 in Fighting
 22903 | Lair:5   | Received a gift from Okawaru
 23154 | Lair:6   | Entered Level 6 of the Lair of Beasts
 23672 | Lair:6   | Received a gift from Okawaru
 23673 | Lair:6   | Found the +4 skin of Zhor {rC+++}
 23932 | Lair:6   | Reached skill level 15 in Axes
 23939 | Lair:6   | Paralysed by a hornet for 2 turns
 23943 | Lair:6   | Gained mutation: You are completely attuned to the shadows. [demonic ancestry]
 23943 | Lair:6   | Reached XP level 14. HP: 63/111 MP: 18/18
 24294 | Lair:6   | Noticed Josephine
 24306 | Lair:6   | Killed Josephine
 24306 | Lair:6   | Reached skill level 10 in Armour
 25373 | Lair:6   | Found a staircase to the Slime Pits.
 25637 | Lair:6   | Received a gift from Okawaru
 26305 | Lair:2   | Learned a level 8 spell: Ignition
 26349 | Spider:1 | Entered Level 1 of the Spider Nest
 26359 | Spider:1 | Noticed an emperor scorpion
 27015 | Swamp:1  | Entered Level 1 of the Swamp
 28164 | Swamp:1  | Found a glowing golden altar of the Shining One.
 29147 | Swamp:1  | Reached skill level 16 in Axes
 29235 | Swamp:1  | Noticed a brown very ugly thing
 29246 | Swamp:1  | Killed a brown very ugly thing
 29762 | Swamp:2  | Received a gift from Okawaru
 29765 | Swamp:2  | Gained mutation: You have claws for feet. [demonic ancestry]
 29765 | Swamp:2  | Reached XP level 15. HP: 74/120 MP: 11/19
 31483 | Swamp:3  | Received a gift from Okawaru
 32220 | Swamp:4  | Entered Level 4 of the Swamp
 32764 | Swamp:4  | Noticed a thorn hunter
 32785 | Swamp:4  | Killed a thorn hunter
 32989 | Swamp:4  | Received a gift from Okawaru
 33082 | Swamp:4  | HP: 6/122 [six-headed hydra (2)]
 33095 | Swamp:4  | HP: 5/122 [poisoned by a swamp dragon (poison gas)]
 33096 | Swamp:4  | Succumbed to a swamp dragon's poison gas

Vault maps used:
D:1:      lemuel_arrival_tunnels, kennysheep_boxes
D:2:      minmay_overflow_temple_hex, uniq_terence
D:3:      kennysheep_big_flooded_room, vehumet_crystals, uniq_grinder,
          uniq_crazy_yiuf_cottage, uniq_robin
D:4:      cheibrodos_barr_body, kennysheep_mini
D:5:      first_ration, serial_shops, shop, cheibrodos_gnoll_hut
D:6:      grunt_temple_overflow_open, basic_altar, uniq_menkaure, uniq_duvessa
D:7:      lemuel_zombie_altar_yredelemnul, minmay_temple_entry_butterflies,
          grunt_ogre_cave, minmay_misc_feat_plants, grunt_gozag_breadcrumbs
D:8:      nicolae_tso_carved_into_rock, david_defended_altar_elf
D:10:     dpeg_oklobed_lair, hiddenorc2_lemuel, uniq_psyche
Temple:   kb_corrupted_temple
Lair:2:   swamp_mist
Lair:3:   spider_nest_entry_rubble, enter_volcano_2, grunt_megastairs_2,
          infiniplex_staircase_pool_2, lemuel_fruit_fields, serial_bayou_shore_b
Lair:4:   nzn_motion_control, minmay_lair_oklob_chamber, grunt_megastairs_4
Lair:5:   worms_lemuel
Lair:6:   hangedman_lair_tendril_chambers, guppyfry_lair_end_dragon,
          minmay_slime_entry_jelly_boxes, uniq_josephine
Swamp:1:  basic_altar
Swamp:2:  evilmike_swamp_ruin_rubble_2
Swamp:3:  evilmike_swamp_ruin_rubble_1, swamp_pool1, infiniplex_staircase_pool
Swamp:4:  swamp, swamp_pool4
Volcano:  volcano_lake

Skill      XL: |  1  2  3  4  5  6  7  8  9 10 11 12 13 14 15 |
---------------+----------------------------------------------+-----
Dodging        | 3 4 5 6 7 |  7.3
Axes           | 3 4 5 6 8 10 11 12 13 15 16 | 16.9
Armour         | 1 2 3 4 6 7 8 9 10 | 10.9
Stealth        | 1 2 3 4 5 6 |  6.5
Fighting       | 3 4 5 6 8 9 10 12 | 12.6
Invocations    | 4 5 6 |  6.2
Maces & Flails | 1 2 3 |  3.8
Throwing       | |  1.8
Evocations     | |  0.2

Action                   |  1- 3 |  4- 6 |  7- 9 | 10-12 | 13-15 || total
-------------------------+-------+-------+-------+-------+-------++-------
Melee: War axe           |    57 |   136 |   221 |   491 |   399 ||  1304
       Flail             |       |       |       |    12 |       ||    12
       Great mace        |       |       |       |     9 |    20 ||    29
       Punch             |       |       |       |     2 |     7 ||     9
       Executioner's axe |       |       |       |       |   226 ||   226
       Broad axe         |       |       |       |       |    21 ||    21
       Kick              |       |       |       |       |    70 ||    70
       Battleaxe         |       |       |       |       |    67 ||    67
Invok: Heroism           |       |       |       |    11 |    18 ||    29
       Finesse           |       |       |       |       |     1 ||     1
Evoke: Wand              |       |     1 |     1 |     1 |       ||     3
  Use: Scroll            |       |     5 |     9 |     7 |     9 ||    30
       Potion            |       |       |       |       |     4 ||     4
 Stab: Sleeping          |     4 |       |       |    12 |    15 ||    31
       Distracted        |       |       |       |     2 |     2 ||     4
  Eat: Chunk             |     2 |     4 |    16 |    20 |    23 ||    65
       Ration            |       |       |     1 |     4 |     6 ||    11
Armor: Leather armour    |     7 |       |       |       |       ||     7
       Chain mail        |     7 |    96 |   139 |   110 |       ||   352
       Scale mail        |       |       |       |   104 |   299 ||   403
       Ring mail         |       |       |       |       |     6 ||     6
Dodge: Dodged            |    39 |    47 |    96 |   251 |   426 ||   859

Table legend:
 A = Spawn XP
 B = Non-spawn XP
 C = Spawn XP percentage of total XP
 D = Spawn monster count
 E = Non-spawn monster count
 F = Spawn count percentage of total count
 G = Total turns spent on level
                    A         B        C        D         E        F      G
               +---------+---------+-------+---------+---------+-------+---------
         Total |       0 |  130919 |   0.0 |       0 |     659 |   0.0 | 33096
               +---------+---------+-------+---------+---------+-------+---------
           D:1 |       0 |      30 |   0.0 |       0 |      15 |   0.0 |   929
           D:2 |       0 |     122 |   0.0 |       0 |      22 |   0.0 |  1057
           D:3 |       0 |     634 |   0.0 |       0 |      51 |   0.0 |  1523
           D:4 |       0 |     666 |   0.0 |       0 |      14 |   0.0 |  1418
           D:5 |       0 |    1461 |   0.0 |       0 |      31 |   0.0 |  2905
           D:6 |       0 |    1681 |   0.0 |       0 |      16 |   0.0 |  1449
           D:7 |       0 |    2487 |   0.0 |       0 |      48 |   0.0 |  1476
           D:8 |       0 |    2516 |   0.0 |       0 |      40 |   0.0 |  1358
           D:9 |       0 |    1566 |   0.0 |       0 |      21 |   0.0 |   891
          D:10 |       0 |    3969 |   0.0 |       0 |      55 |   0.0 |  1275
        Lair:1 |       0 |    5101 |   0.0 |       0 |      19 |   0.0 |  1379
        Lair:2 |       0 |    1295 |   0.0 |       0 |       4 |   0.0 |  1009
        Lair:3 |       0 |    2623 |   0.0 |       0 |      15 |   0.0 |  1091
        Lair:4 |       0 |   10340 |   0.0 |       0 |      28 |   0.0 |  2694
        Lair:5 |       0 |   14297 |   0.0 |       0 |      38 |   0.0 |  2168
        Lair:6 |       0 |   24034 |   0.0 |       0 |      97 |   0.0 |  3064
       Swamp:1 |       0 |   19980 |   0.0 |       0 |      57 |   0.0 |  2607
       Swamp:2 |       0 |    8543 |   0.0 |       0 |      27 |   0.0 |  1525
       Swamp:3 |       0 |    9229 |   0.0 |       0 |      17 |   0.0 |  1073
       Swamp:4 |       0 |   11712 |   0.0 |       0 |      20 |   0.0 |   876
      Spider:1 |       0 |    3210 |   0.0 |       0 |       9 |   0.0 |   436
       Volcano |       0 |    5423 |   0.0 |       0 |      15 |   0.0 |   771
               +---------+---------+-------+---------+---------+-------+---------
